 Dungeon Sprint DCSS version 0.27-a0-1579-g97d2440184 (webtiles) character file.

Game seed: 350929706301013034

617057 mhtbhm the End of an Era (level 22, 233/233 HPs)
             Began as a Minotaur Fighter on July 17, 2021.
             Was the Champion of Qazlal.
             Escaped with the Orb!
             The game lasted 00:23:30 (3554 turns).

mhtbhm the End of an Era (Minotaur Fighter)         Turns: 3554, Time: 00:23:31

Health: 233/233    AC: 57    Str: 45    XL:     22   Next: 9%
Magic:  38/38      EV: 16    Int:  9    God:    Qazlal [******]
Gold:   0          SH: 52    Dex: 12    Spells: 28/28 levels left

rFire    + . .     SeeInvis .   a - +17 lance "Wyrmbane" {slay drac, rPois rF+ rC+ AC+3}
rCold    + + +     Faith    .   c - +18 shield of the Gong {rElec rN+ Will+ EV-5}
rNeg     + + +     Spirit   +   b - +15 Maxwell's patent armour {-Cast -Tele rElec Will+ rCorr}
rPois    +         Reflect  +   J - +2 hat of the Bear Spirit {Spirit, +Rage rN+ Will++}
rElec    +         Harm     .   O - +1 cloak {Stlth+}
rCorr    +         Rampage  .   L - +2 pair of gloves of Ruiguoga {rC++}
Will     +++++     NoTele   +   K - +2 pair of boots {Stlth+} Stlth +.........NoCast +
                                H - amulet of Departure {Reflect rElec Str+2 SH+5}
HPRegen  0.48/turn              I - ring "Sumpo" {Will+ Str+6 Int+4 Dex+4}
MPRegen  0.26/turn              R - ring "Febipier" {Drain rN+++ AC+4 Str+8 Dex-4}

@: studying 9 skills, repel missiles
A: horns 2, retaliatory headbutt, screaming 1
0: Orb of Zot
a: Renounce Religion, Evoke Berserk Rage, Upheaval, Elemental Force, Disaster
Area


You escaped.
You worshipped Qazlal.
Qazlal was exalted by your worship.
You visited 1 branch

Inventory:

Hand Weapons
 a - the +17 lance "Wyrmbane" (weapon) {slay drac, rPois rF+ rC+ AC+3}
   (You found it in the Dungeon)

   It inflicts extra damage against dragons and draconians.
   AC:        It affects your AC (+3).
   rF:        It protects you from fire.
   rC:        It protects you from cold.
   rPois:     It protects you from poison.
 w - the +8 demon blade "Leech" {vamp, *Rage +Rage rN+}
   (You found it in the Dungeon)

   It heals its wielder for a portion of the damage dealt every time it strikes
   a living foe.
   rN:        It protects you from negative energy.
   +Rage:     It lets you go berserk.
   *Rage:     It may make you go berserk in combat.
 y - the +6 broad axe of the Inferno {vamp, Drain rCorr Dex+4}
   (You found it in the Dungeon)

   It occasionally heals its wielder for a portion of the damage dealt when it
   wounds a living foe.
   Dex:       It affects your dexterity (+4).
   rCorr:     It protects you from acid and corrosion.
   Drain:     It drains your maximum health when unequipped.
Missiles
 u - 9 silver javelins (quivered)
Armour
 b - the +15 Maxwell's patent armour (worn) {-Cast -Tele rElec Will+ rCorr}
   (You found it in the Dungeon)

   rElec:     It insulates you from electricity.
   -Cast:     It prevents spellcasting.
   -Tele:     It prevents most forms of teleportation.
   rCorr:     It protects you from acid and corrosion.
   Will:      It increases your willpower.
 c - the +18 shield of the Gong (worn) {rElec rN+ Will+ EV-5}
   (You found it in the Dungeon)

   It is deafeningly noisy when blocking attacks.
   EV:        It affects your evasion (-5).
   rElec:     It insulates you from electricity.
   rN:        It protects you from negative energy.
   Will:      It increases your willpower.
 J - the +2 hat of the Bear Spirit (worn) {Spirit, +Rage rN+ Will++}
   (You found it in the Dungeon)

   rN:        It protects you from negative energy.
   +Rage:     It lets you go berserk.
   Will:      It greatly increases your willpower.
 K - a +2 pair of boots of stealth (worn)
 L - the +2 pair of gloves of Ruiguoga (worn) {rC++}
   (You found it in the Dungeon)

   rC:        It greatly protects you from cold.
 O - a +1 cloak of stealth (worn)
Jewellery
 x - the amulet of Vitality {Regen+ HP+15}
   (You found it in the Dungeon)

   [amulet of regeneration]

   HP:        It affects your health (+15).
   Regen:     It increases your rate of health regeneration.
 H - the amulet of Departure (around neck) {Reflect rElec Str+2 SH+5}
   (You found it in the Dungeon)

   [amulet of reflection]

   It reflects blocked missile attacks.
   Str:       It affects your strength (+2).
   rElec:     It insulates you from electricity.
   SH:        It affects your SH (+5).
 I - the ring "Sumpo" (left hand) {Will+ Str+6 Int+4 Dex+4}
   (You found it in the Dungeon)

   [ring of strength]

   Str:       It affects your strength (+6).
   Int:       It affects your intelligence (+4).
   Dex:       It affects your dexterity (+4).
   Will:      It increases your willpower.
 R - the ring "Febipier" (right hand) {Drain rN+++ AC+4 Str+8 Dex-4}
   (You found it in the Dungeon)

   [ring of protection]

   AC:        It affects your AC (+4).
   Str:       It affects your strength (+8).
   Dex:       It affects your dexterity (-4).
   rN:        It renders you almost immune to negative energy.
   Drain:     It drains your maximum health when unequipped.
Wands
 A - a wand of mindburst (7)
 B - a wand of iceblast (7)
 C - a wand of acid (3)
Scrolls
 j - 4 scrolls of blinking
 o - 4 scrolls of amnesia
 p - 9 scrolls of fog
 q - a scroll of holy word
 r - 5 scrolls of identify
 s - 2 scrolls of fear
 t - 4 scrolls of enchant weapon
 F - 9 scrolls of brand weapon
 Q - 8 scrolls of enchant armour
Potions
 d - 6 potions of might
 e - 10 potions of curing
 f - 9 potions of heal wounds
 g - 20 potions of haste
 h - 4 potions of magic
 i - 3 potions of berserk rage
 k - 2 potions of brilliance
 l - 2 potions of invisibility
 m - 4 potions of resistance
Miscellaneous
 z - a condenser vane
 D - a lightning rod (4/4)
 E - a phantom mirror
 G - a tin of tremorstones (2/2)
 N - a box of beasts


   Skills:
 O Level 27 Fighting
 - Level 9.5(18.6) Short Blades
 + Level 26.1(26.6) Long Blades
 + Level 23.0(27) Axes
 - Level 6.5(17.1) Maces & Flails
 O Level 27 Polearms
 - Level 6.4(19.7) Staves
 - Level 8.5(17.4) Slings
 - Level 5.9 Bows
 - Level 5.9 Crossbows
 + Level 21.5(21.8) Throwing
 O Level 27 Armour
 O Level 27 Dodging
 - Level 6.3 Stealth
 O Level 27 Shields
 - Level 8.5 Unarmed Combat
 - Level 3.6 Spellcasting
 - Level 4.5 Conjurations
 - Level 4.1 Hexes
 - Level 4.5 Summonings
 - Level 6.6 Necromancy
 - Level 4.5 Translocations
 - Level 5.0 Transmutations
 - Level 4.5 Fire Magic
 - Level 4.5 Ice Magic
 - Level 4.5 Air Magic
 - Level 5.0 Earth Magic
 - Level 4.5 Poison Magic
 O Level 27 Invocations
 O Level 27 Evocations


You had 28 spell levels left.
You didn't know any spells.
Your spell library contained the following spells:

 Spells                   Type           Power      Damage    Failure   Level
 Animate Skeleton         Necr           26%        N/A       3%          1
 Pain                     Necr           52%        1d6       3%          1
 Sublimation of Blood     Necr           6%         N/A       5%          2
 Beastly Appendage        Tmut           20%        N/A       7%          1
 Sandblast                Erth           20%        2d7       7%          1
 Sting                    Tmut/Pois      40%        1d5       8%          1
 Apportation              Tloc           18%        N/A       9%          1
 Foxfire                  Conj/Fire      36%        2x1d5     9%          1
 Magic Dart               Conj           36%        1d4       9%          1
 Shock                    Conj/Air       36%        1d5       9%          1
 Summon Small Mammal      Summ           36%        N/A       9%          1
 Corona                   Hex            10%        N/A       11%         1
 Passwall                 Tmut/Erth      8%         N/A       11%         2
 Wereblood                Tmut           10%        N/A       11%         2
 Vampiric Draining        Necr           6%         2d6       11%         3
 Blink                    Tloc           N/A        N/A       13%         2
 Call Imp                 Summ           9%         N/A       13%         2
 Poisonous Vapours        Pois/Air       18%        N/A       13%         2
 Static Discharge         Conj/Air       9%         N/A       13%         2
 Ensorcelled Hibernation  Hex/Ice        18%        N/A       14%         2
 Slow                     Hex            9%         N/A       16%         2
 Spider Form              Tmut/Pois      5%         N/A       24%         3
 Stone Arrow              Conj/Erth      20%        3d8       24%         3
 Call Canine Familiar     Summ           9%         N/A       26%         3
 Gell's Gravitas          Tloc           4%         N/A       26%         3
 Lesser Beckoning         Tloc           4%         N/A       26%         3
 Mephitic Cloud           Conj/Pois/Air  9%         N/A       26%         3
 Ozocubu's Armour         Ice            9%         N/A       26%         3
 Teleport Other           Tloc           9%         N/A       26%         3
 Dazzling Flash           Conj/Hex       18%        N/A       28%         3
 Inner Flame              Hex/Fire       9%         N/A       28%         3
 Portal Projectile        Hex/Tloc       18%        N/A       28%         3
 Summon Guardian Golem    Hex/Summ       9%         N/A       28%         3
 Confusing Touch          Hex            9%         N/A       30%         3
 Tukima's Dance           Hex            9%         N/A       30%         3
 Animate Dead             Necr           6%         N/A       36%         4
 Dispel Undead            Necr           13%        3d9       36%         4
 Petrify                  Tmut/Erth      10%        N/A       56%         4
 Animate Armour           Summ/Erth      20%        N/A       61%         4
 Ice Form                 Ice/Tmut       10%        N/A       61%         4
 Airstrike                Air            4%         N/A       65%         4
 Iskenderun's Mystic Bla  Conj/Tloc      9%         2d4       65%         4
 Leda's Liquefaction      Hex/Erth       4%         N/A       65%         4
 Olgreb's Toxic Radiance  Pois           9%         N/A       65%         4
 Passage of Golubria      Tloc           N/A        N/A       65%         4
 Summon Ice Beast         Ice/Summ       9%         N/A       65%         4
 Summon Lightning Spire   Summ/Air       9%         N/A       65%         4
 Cause Fear               Hex            4%         N/A       71%         4
 Excruciating Wounds      Necr           6%         N/A       71%         5
 Borgnjor's Vile Clutch   Necr/Erth      6%         N/A       80%         5
 Blade Hands              Tmut           5%         N/A       89%         5
 Lee's Rapid Deconstruct  Erth           5%         3d7*      89%         5
 Irradiate                Conj/Tmut      5%         3d15      91%         5
 Bolt of Magma            Conj/Fire/Erth 5%         4d5       92%         5
 Freezing Cloud           Conj/Ice/Air   4%         6-21      94%         5
 Iskenderun's Battlesphe  Conj           9%         2d6       94%         5
 Lightning Bolt           Conj/Air       4%         1d16      94%         5
 Manifold Assault         Tloc           9%         N/A       94%         5
 Summon Forest            Summ/Tloc      4%         N/A       94%         5
 Yara's Violent Unravell  Hex/Tmut       4%         3d4       94%         5
 Metabolic Englaciation   Hex/Ice        4%         N/A       95%         5
 Silence                  Hex/Air        4%         N/A       95%         5
 Summon Mana Viper        Hex/Summ       9%         N/A       95%         5
 Death Channel            Necr           6%         N/A       99%         6
 Conjure Ball Lightning   Conj/Air       4%         3x3d6     100%        6
 Dispersal                Tloc           4%         N/A       100%        6
 Eringya's Noxious Bog    Tmut/Pois      5%         N/A       100%        6
 Invisibility             Hex            4%         N/A       100%        6
 Iron Shot                Conj/Erth      5%         9d2       100%        6
 Shadow Creatures         Summ           N/A        N/A       100%        6
 Simulacrum               Ice/Necr       5%         N/A       100%        6
 Starburst                Conj/Fire      4%         8x6d4     100%        6
 Statue Form              Tmut/Erth      6%         N/A       100%        6
 Dragon Form              Tmut           5%         N/A       100%        7
 Haunt                    Necr/Summ      5%         N/A       100%        7
 Malign Gateway           Summ/Tloc      4%         N/A       100%        7
 Monstrous Menagerie      Summ           4%         N/A       100%        7
 Ozocubu's Refrigeration  Ice            4%         4d5       100%        7
 Spellforged Servitor     Conj/Summ      4%         N/A       100%        7
 Storm Form               Tmut/Air       5%         N/A       100%        7
 Summon Hydra             Summ           4%         N/A       100%        7
 Borgnjor's Revivificati  Necr           6%         N/A       100%        8
 Discord                  Hex            4%         N/A       100%        8
 Disjunction              Tloc           4%         N/A       100%        8
 Ignition                 Fire           4%         3d4       100%        8
 Infestation              Necr           6%         N/A       100%        8
 Lehudib's Crystal Spear  Conj/Erth      5%         10d3      100%        8
 Maxwell's Capacitive Co  Air            4%         ∞         100%        8
 Necromutation            Tmut/Necr      6%         N/A       100%        8
 Summon Horrible Things   Summ           4%         N/A       100%        8
 Chain Lightning          Conj/Air       4%         3d6       100%        9
 Death's Door             Necr           6%         N/A       100%        9
 Polar Vortex             Ice            4%         N/A       100%        9
 Shatter                  Erth           5%         3d8*      100%        9


Dungeon Overview and Level Annotations

Branches:
Dungeon (1/1)

Altars:
Ashenzari
Cheibriados
Dithmenos
Elyvilon
Fedhas
Gozag
Hepliaklqana
Kikubaaqudgha
Makhleb
Nemelex Xobeh
Okawaru
Qazlal
Ru
Sif Muna
Trog
Uskayaw
Vehumet
Wu Jian
Xom
Yredelemnul
Zin
The Shining One
Beogh
Jiyva
Lugonu


Innate Abilities, Weirdness & Mutations

You have a pair of horns on your head.
You reflexively headbutt those who attack you in melee.
You occasionally shout uncontrollably at your foes.


Message History

Items here: ( ))) [ } ††.
Items here: ( )))))) : [[[[ } †.
Okay, then.
Things that are here:
a staff of death; 23 arrows
Items here: ))) :.
Items here: ))) [ }.
Items here: ))) :.
Things that are here:
a staff of death; 23 arrows
Items here: ) : [[ }.
You see here a book of Geomancy.
Drop what? 46/52 slots (_ for help) (? for menu, Esc to quit)
You drop the ring of Temptation {Contam rPois Str+3 Int+6 Dex+8}.
You drop a ring of the Octopus King {AC+1 EV+1 Str+1 Int+1 Dex+1 SInv}.
You drop a ring of fire.
You drop an amulet of the acrobat.
You drop the ring of Joith {rC+ rN+}.
Unknown command.
Unknown command.
There is a transporter here.
An exit appears before you!
You enter the transporter and appear at another place.
Found the Orb of Zot.
Unknown command.
You feel more experienced!
Your base Axes skill increases to level 23!
You have reached level 22!
Unknown command.
Found a staircase leading out of the dungeon.
You see here the Orb of Zot.
You pick up the Orb of Zot!
The Orb lets out a hideous shriek!
The lords of Pandemonium are not amused.
Beware!
Now all you have to do is get back out of the dungeon!
There is a staircase leading out of the dungeon here.
You can't go down here!
Unknown command.
Okay, then.
Unknown command.
You have escaped!

............▓..▓.......▓..▓...8©8
............▓.▓.▓.†...▓.▓.▓..).)|
...†........▓..▓.......▓..▓..|.}.
...)........▓.............▓...)(.
.......=....▓......©......▓...)).
............▓▓▓▓▓▓▓▓▓▓▓▓▓▓▓...)..
............▓8888888888888▓...))=
▓.......▓...▓8...........8▓....).
............▓8..@..°..©..8▓.▓....
............▓8..○.○......8▓....©.
....©.......▓8888888888888▓▓▓▓▓▓▓
▓▓▓▓▓▓▓▓▓▓▓▓▓▓▓▓▓▓▓▓▓▓▓▓▓▓▓▓▓▓▓▓▓
.....8©8...[....▓....))[.8©8.....
}))):.}"[.|.)}..▓.[†.)..[.):)).)}
.:))[[[)))...}).▓.[.....[".}[..|.
)[|.[....[.}.|).▓.}[[..(=..[.[[..
............)†..▓..........).....


There were no monsters in sight!

Vanquished Creatures
  3 ancient liches (D)
  32 pandemonium lords (D)
  2 shard shrikes (D)
  3 golden dragons (D)
  4 liches (D)
  4 quicksilver dragons (D)
  8 deep elf blademasters (D)
  11 deep elf master archers (D)
  9 shadow dragons (D)
  2 nagarajas (D)
  14 deep elf sorcerers (D)
  2 iron dragons (D)
  A corrupter (D)
  A cacodemon (D)
  A warmonger (D)
  4 very ugly things (D)
  4 reapers (D)
  6 orc warlords (D)
  8 stone giants (D)
  3 black suns (D)
  9 deep elf annihilators (D)
  3 merfolk javelineers (D)
  3 crystal guardians (D)
  An ettin (shapeshifter) (D)
  2 yaktaur captains (D)
  2 fire dragons (D)
  6 ice dragons (D)
  6 deep elf high priests (D)
  2 hydras (D)
  13 vault guards (D)
  4 naga warriors (D)
  A satyr (shapeshifter) (D)
  2 merfolk aquamancers (D)
  5 hell hogs (D)
  2 two-headed ogres (D)
  A two-headed ogre (shapeshifter) (D)
  17 dancing weapons (D)
  3 orc high priests (D)
  2 soul eaters (D)
  4 deep elf knights (D)
  A sun demon (D)
  6 iron golems (D)
  A skeletal warrior (D)
  A deep troll (shapeshifter) (D)
  A swamp dragon (shapeshifter) (D)
  2 death drakes (D)
  2 sea snakes (shapeshifter) (D)
  An infernal demonspawn (D)
  13 deep elf archers (D)
  3 harpies (shapeshifter) (D)
  12 deep elf pyromancers (D)
  A harpy (D)
  A phantasmal warrior (D)
  10 deep elf zephyrmancers (D)
  9 orc knights (D)
  3 orc sorcerers (D)
  An orb spider (shapeshifter) (D)
  A shining eye (D)
  3 ugly things (D)
  A manticore (D)
  A cyclops (D)
  2 manticores (shapeshifter) (D)
  3 moths of wrath (D)
  2 black mambas (D)
  A black mamba (shapeshifter) (D)
  4 guardian serpents (D)
  2 smoke demons (D)
  A naga mage (D)
  An orange demon (D)
  3 gargoyles (D)
  An eye of devastation (D)
  An eye of devastation (shapeshifter) (D)
  5 rime drakes (D)
  2 hellions (D)
  An unseen horror (shapeshifter) (D)
  5 tormentors (D)
  3 freezing wraiths (D)
  9 ice devils (D)
  9 yaktaurs (D)
  2 red devils (D)
  A merfolk (shapeshifter) (D)
  4 wind drakes (D)
  A polar bear (shapeshifter) (D)
  A troll (D)
  A slime creature (D)
  A snapping turtle (D)
  A snapping turtle (shapeshifter) (D)
  5 air elementals (D)
  2 flying skulls (D)
  A tarantella (D)
  A redback (shapeshifter) (D)
  4 wraiths (D)
  4 wyverns (D)
  A hog (shapeshifter) (D)
  3 water elementals (D)
  A golden eye (shapeshifter) (D)
  5 steam dragons (D)
  A human (shapeshifter) (D)
  6 fire elementals (D)
  A golden eye (D)
  6 neqoxecs (D)
  3 wargs (D)
  4 acid dragons (D)
  3 water moccasins (D)
  6 nagas (D)
  A floating eye (D)
  A large abomination (D)
  3 swamp drakes (D)
  11 orc warriors (D)
  2 necrophages (D)
  8 ogres (D)
  5 phantoms (D)
  4 earth elementals (D)
  A scorpion (D)
  3 wights (D)
  3 jellies (D)
  4 orc priests (D)
  An orc wizard (D)
  A gnoll (D)
  4 adders (D)
  5 white imps (D)
  4 adder skeletons (D)
  6 adder zombies (D)
  2 orcs (D)
  5 bat skeletons (D)
  3 bat zombies (D)
  An endoplasm (D)
  6 ball pythons (D)
  5 ball python skeletons (D)
  5 ball python zombies (D)
  4 giant cockroach zombies (D)
  2 jackal skeletons (D)
  2 jackal zombies (D)
  2 quokka skeletons (D)
  A quokka zombie (D)
  A spectral ball python (D)
  12 ball lightnings (D)
526 creatures vanquished.

Vanquished Creatures (others)
  6 pandemonium lords (D)
  A black sun (D)
  A dancing weapon (D)
  A smoke demon (D)
  A red devil (D)
  An adder (D)
  3 bat skeletons (D)
14 creatures vanquished.

Grand Total: 540 creatures vanquished

Notes
Turn   | Place    | Note
-------+----------+-------------------------------------------
     0 | D        | mhtbhm the Minotaur Fighter began the quest for the Orb.
     0 | D        | Reached XP level 1. HP: 19/19 MP: 0/0
     0 | D        | Found a shimmering blue altar of Sif Muna.
     0 | D        | Found a bloodstained altar of Trog.
     0 | D        | Found a sacrificial altar of Ru.
     0 | D        | Found a stormy altar of Qazlal.
     0 | D        | Found an iron altar of Okawaru.
     1 | D        | Found a sparkling altar of Nemelex Xobeh.
     1 | D        | Found a blossoming altar of Fedhas.
     2 | D        | Found the +6 Majin-Bo {vamp, MP+6 Int+6}
     2 | D        | Found the +9 heavy crossbow "Sniper" {vorpal, Acc+∞ SInv}
     2 | D        | Found the +10 dark maul {vorpal}
     2 | D        | Found the +15 Maxwell's patent armour {-Cast -Tele rElec
                  | Will+ rCorr}
     2 | D        | Found the +18 shield of the Gong {rElec rN+ Will+ EV-5}
     2 | D        | Found the +14 obsidian axe {vorpal, Drain Fly SInv}
     2 | D        | Found the +7 great mace "Firestarter" {inner flame, rF++}
     2 | D        | Found the +6 shillelagh "Devastator" {shatter}
     2 | D        | Found the +11 plutonium sword {Contam Stlth-}
     2 | D        | Found the +8 lance "Wyrmbane" {slay drac, rPois rF+ rC+
                  | AC+3}
     2 | D        | Found the +9 sword of Zonguldrok {reap}
     2 | D        | Found the +13 scythe of Curses {drain, Drain}
     2 | D        | Found the +5 sword of Power {vorpal}
     2 | D        | Found the +7 mace of Variability {chain chaos}
     2 | D        | Found the +7 Singing Sword {vorpal, sonic wave}
     2 | D        | Found the +8 storm bow {elec, penet}
     3 | D        | Found a transporter.
     3 | D        | Found an ancient bone altar of Kikubaaqudgha.
     3 | D        | Found a viscous altar of Jiyva.
     3 | D        | Found a corrupted altar of Lugonu.
     3 | D        | Found a hazy altar of Hepliaklqana.
     3 | D        | Found a burning altar of Makhleb.
     3 | D        | Found an opulent altar of Gozag.
    71 | D        | Became a worshipper of Qazlal Stormbringer
    84 | D        | Entered arena 2.
    84 | D        | Noticed a scorpion
    84 | D        | Noticed a tarantella
    84 | D        | Found a transporter.
    87 | D        | Killed a scorpion
    88 | D        | Reached skill level 5 in Fighting
    88 | D        | Reached skill level 5 in Armour
    88 | D        | Reached XP level 2. HP: 30/30 MP: 1/1
    88 | D        | Reached XP level 3. HP: 37/37 MP: 2/2
    91 | D        | Killed a tarantella
    92 | D        | Reached skill level 5 in Polearms
    92 | D        | Reached XP level 4. HP: 49/49 MP: 3/3
    92 | D        | Reached XP level 5. HP: 56/56 MP: 4/4
   100 | D        | Entered arena 3.
   100 | D        | Noticed a floating eye
   100 | D        | Noticed a slime creature
   100 | D        | Found a transporter.
   101 | D        | Paralysed by a floating eye for 4 turns
   106 | D        | Reached * piety under Qazlal
   107 | D        | Reached skill level 1 in Invocations
   111 | D        | Paralysed by a floating eye for 3 turns
   116 | D        | Killed a slime creature
   117 | D        | Reached skill level 10 in Shields
   117 | D        | Reached XP level 6. HP: 54/66 MP: 4/7
   118 | D        | Killed a floating eye
   119 | D        | Reached skill level 10 in Fighting
   119 | D        | Reached XP level 7. HP: 60/72 MP: 4/9
   175 | D        | Entered arena 4.
   175 | D        | Noticed a deep elf pyromancer
   175 | D        | Noticed a deep elf archer
   175 | D        | Noticed a deep elf pyromancer
   175 | D        | Noticed a water elemental
   175 | D        | Found a transporter.
   181 | D        | Noticed a fire elemental
   181 | D        | Noticed a fire elemental
   183 | D        | Killed a water elemental
   183 | D        | Reached ** piety under Qazlal
   189 | D        | Noticed a fire elemental
   194 | D        | Noticed a fire elemental
   195 | D        | Killed a deep elf pyromancer
   196 | D        | Reached skill level 10 in Armour
   196 | D        | Reached skill level 5 in Invocations
   196 | D        | Reached XP level 8. HP: 27/81 MP: 9/11
   196 | D        | Killed a deep elf pyromancer
   205 | D        | Killed a deep elf archer
   205 | D        | Reached *** piety under Qazlal
   206 | D        | Reached skill level 10 in Polearms
   206 | D        | Reached XP level 9. HP: 51/89 MP: 10/13
   265 | D        | Entered arena 5.
   265 | D        | Found a transporter.
   278 | D        | Got the ring "Rouwov" {rF- rCorr Str+6 Int+6}
   366 | D        | Entered arena 6.
   366 | D        | Found a transporter.
   367 | D        | Identified the +5 morningstar of Impermanence {vamp, rN+
                  | Will+}
   367 | D        | Reached **** piety under Qazlal
   389 | D        | Entered arena 7.
   390 | D        | Found the amulet of Vitality {Regen+ HP+15}
   390 | D        | Found a transporter.
   395 | D        | Reached ***** piety under Qazlal
   436 | D        | Entered arena 8.
   436 | D        | Noticed an eye of devastation
   436 | D        | Noticed a shining eye
   438 | D        | Gained mutation: You occasionally shout uncontrollably at
                  | your foes. [a shining eye]
   445 | D        | Found a transporter.
   451 | D        | Killed an eye of devastation
   454 | D        | Killed a shining eye
   454 | D        | Reached ****** piety under Qazlal
   455 | D        | Reached skill level 1 in Evocations
   571 | D        | Entered arena 9.
   571 | D        | Noticed a wind drake
   571 | D        | Noticed a wind drake
   571 | D        | Paralysed by an air elemental for 1 turns
   572 | D        | Found the +8 demon blade "Leech" {vamp, *Rage +Rage rN+}
   577 | D        | Reached skill level 15 in Shields
   578 | D        | Reached XP level 10. HP: 85/99 MP: 15/15
   578 | D        | Paralysed by an air elemental for 1 turns
   584 | D        | Reached skill level 1 in Stealth
   593 | D        | Found a transporter.
   713 | D        | Entered arena 10.
   714 | D        | Found the +5 scythe "Finisher" {speed, eviscerate}
   714 | D        | Found a transporter.
   719 | D        | Reached skill level 1 in Dodging
   720 | D        | Reached skill level 10 in Invocations
   734 | D        | Got the ring of the Lobster {Ice Str+2}
   758 | D        | Entered arena 11.
   758 | D        | Noticed a deep elf pyromancer
   758 | D        | Noticed a +3 mace of holy wrath
   758 | D        | Noticed a deep elf pyromancer
   758 | D        | Noticed an orc high priest
   758 | D        | Noticed a deep elf zephyrmancer
   758 | D        | Noticed a deep elf archer
   760 | D        | Found a transporter.
   761 | D        | Noticed a soul eater
   762 | D        | Killed a deep elf zephyrmancer
   762 | D        | Killed a deep elf pyromancer
   762 | D        | Killed a deep elf archer
   762 | D        | Killed an orc high priest
   762 | D        | Killed a +3 mace of holy wrath
   763 | D        | Reached XP level 11. HP: 110/111 MP: 9/18
   764 | D        | Killed a deep elf pyromancer
   809 | D        | Entered arena 12.
   809 | D        | Noticed a merfolk aquamancer
   809 | D        | Noticed a harpy
   809 | D        | Noticed a merfolk javelineer
   810 | D        | Identified the amulet of Vinuazai {rPois Regen+}
   810 | D        | Noticed a merfolk javelineer
   810 | D        | Noticed a merfolk javelineer
   810 | D        | Noticed a merfolk aquamancer
   812 | D        | Killed a harpy
   812 | D        | Killed a merfolk aquamancer
   812 | D        | Killed a merfolk javelineer
   813 | D        | Reached skill level 15 in Fighting
   813 | D        | Killed a merfolk aquamancer
   813 | D        | Killed a merfolk javelineer
   813 | D        | Killed a merfolk javelineer
   814 | D        | Reached skill level 15 in Polearms
   815 | D        | Found a transporter.
   865 | D        | Got the amulet of Departure {Reflect rElec Str+2 SH+5}
   911 | D        | Entered arena 13.
   911 | D        | Noticed an orc knight
   911 | D        | Noticed a two-headed ogre
   911 | D        | Noticed an orc high priest
   911 | D        | Noticed an orc warlord
   912 | D        | Noticed an orc knight
   914 | D        | Killed a two-headed ogre
   915 | D        | Reached skill level 5 in Evocations
   916 | D        | Reached XP level 12. HP: 118/122 MP: 20/20
   916 | D        | Killed an orc high priest
   927 | D        | Killed an orc warlord
   933 | D        | Found a transporter.
   940 | D        | Got the ring "Sumpo" {Will+ Str+6 Int+4 Dex+4}
   950 | D        | Got the Incunabulum of Earth and the Compass
   983 | D        | Entered arena 14.
   983 | D        | Noticed a crystal guardian
   984 | D        | Noticed a crystal guardian
   984 | D        | Noticed a stone giant
   984 | D        | Noticed a crystal guardian
   985 | D        | Found the +2 hat of the Bear Spirit {Spirit, +Rage rN+
                  | Will++}
   987 | D        | Killed a crystal guardian
   987 | D        | Killed a stone giant
   990 | D        | Killed a crystal guardian
   991 | D        | Killed a crystal guardian
  1023 | D        | Found a transporter.
  1049 | D        | Got the +6 broad axe of the Inferno {vamp, Drain rCorr
                  | Dex+4}
  1166 | D        | Entered arena 15.
  1167 | D        | Noticed a naga warrior
  1168 | D        | Noticed a naga warrior
  1171 | D        | Reached skill level 15 in Invocations
  1180 | D        | Killed a naga warrior
  1181 | D        | Reached XP level 13. HP: 133/134 MP: 23/23
  1188 | D        | Found a transporter.
  1291 | D        | Entered arena 16.
  1292 | D        | Noticed a shadow dragon
  1297 | D        | Found a transporter.
  1305 | D        | Killed a shadow dragon
  1368 | D        | Got the ring "Zuixaus" {rElec rC++ Int+6}
  1391 | D        | Entered arena 17.
  1393 | D        | Noticed a white very ugly thing
  1394 | D        | Noticed a cyan very ugly thing
  1398 | D        | Reached skill level 15 in Armour
  1402 | D        | Killed a cyan very ugly thing
  1404 | D        | Killed a white very ugly thing
  1405 | D        | Found a transporter.
  1480 | D        | Entered arena 18.
  1482 | D        | Noticed a red very ugly thing
  1483 | D        | Noticed a brown very ugly thing
  1489 | D        | Killed a brown very ugly thing
  1490 | D        | Killed a purple very ugly thing
  1495 | D        | Found a transporter.
  1496 | D        | Noticed an ettin
  1496 | D        | a boulder beetle changed into an ettin
  1500 | D        | Killed an ettin
  1507 | D        | Got the Almanac of Mezcal
  1514 | D        | Got the Tome of Captivating Air
  1549 | D        | Entered arena 19.
  1551 | D        | Noticed a nagaraja
  1551 | D        | Identified the +10 great mace of Omezuf {protect, SInv}
  1552 | D        | Noticed a nagaraja
  1555 | D        | Reached XP level 14. HP: 134/144 MP: 16/26
  1555 | D        | Killed a nagaraja
  1555 | D        | Killed a nagaraja
  1563 | D        | Found a transporter.
  1666 | D        | Got the Papyrus of Gliding Ignition
  1706 | D        | Entered arena 20.
  1710 | D        | Noticed a deep elf master archer
  1711 | D        | Noticed a deep elf sorcerer
  1711 | D        | Killed a deep elf master archer
  1711 | D        | Noticed a deep elf sorcerer
  1712 | D        | Noticed a deep elf blademaster
  1716 | D        | Killed a deep elf blademaster
  1721 | D        | Found a transporter.
  1725 | D        | Killed a deep elf sorcerer
  1726 | D        | Reached skill level 5 in Dodging
  1730 | D        | Killed a deep elf sorcerer
  1744 | D        | Got the ring "Esaany" {*Corrode rC++ Str+6 Int+3 Dex+4}
  1767 | D        | Got the +0 pair of gloves of Old and Reckless {rC+ Int+2
                  | Dex-4}
  1823 | D        | Entered arena 21.
  1862 | D        | Noticed a deep elf master archer
  1863 | D        | Noticed a deep elf master archer
  1863 | D        | Noticed a deep elf sorcerer
  1863 | D        | Noticed a deep elf master archer
  1863 | D        | Identified the amulet "Zivurom" {rElec Regen+}
  1863 | D        | Noticed a deep elf sorcerer
  1863 | D        | Noticed a deep elf sorcerer
  1863 | D        | Noticed a deep elf blademaster
  1864 | D        | Noticed a deep elf master archer
  1864 | D        | Noticed a deep elf sorcerer
  1864 | D        | Identified the +4 war axe "Loekif" {vamp, rF+ rC+ Str+4}
  1865 | D        | Killed a deep elf master archer
  1866 | D        | Killed a deep elf sorcerer
  1866 | D        | Killed a deep elf sorcerer
  1866 | D        | Killed a deep elf master archer
  1866 | D        | Killed a deep elf sorcerer
  1866 | D        | Killed a deep elf sorcerer
  1866 | D        | Killed a deep elf master archer
  1866 | D        | Killed a deep elf master archer
  1867 | D        | Reached skill level 5 in Stealth
  1867 | D        | Reached XP level 15. HP: 120/152 MP: 15/30
  1867 | D        | Killed a deep elf blademaster
  1871 | D        | Found a transporter.
  2027 | D        | Got the +2 pair of gloves of Ruiguoga {rC++}
  2074 | D        | Entered arena 22.
  2080 | D        | Noticed a lich
  2091 | D        | Killed a lich
  2092 | D        | Reached skill level 27 in Invocations
  2092 | D        | Reached skill level 10 in Evocations
  2092 | D        | Found a transporter.
  2135 | D        | Got the ring of the Clam {Wiz rN+}
  2167 | D        | Acquired a manual of Evocations
  2173 | D        | Entered arena 23.
  2178 | D        | Noticed a shadow dragon
  2178 | D        | Noticed a golden dragon
  2178 | D        | Noticed an iron dragon
  2178 | D        | Noticed a shadow dragon
  2178 | D        | Noticed a quicksilver dragon
  2179 | D        | Noticed a quicksilver dragon
  2179 | D        | Noticed a quicksilver dragon
  2180 | D        | Noticed a shadow dragon
  2180 | D        | Noticed a quicksilver dragon
  2181 | D        | Noticed an iron dragon
  2183 | D        | Noticed a golden dragon
  2184 | D        | Noticed a golden dragon
  2190 | D        | Killed a shadow dragon
  2192 | D        | Killed a quicksilver dragon
  2196 | D        | Killed a quicksilver dragon
  2202 | D        | Killed a golden dragon
  2204 | D        | Killed a quicksilver dragon
  2208 | D        | Killed a golden dragon
  2212 | D        | Killed an iron dragon
  2212 | D        | Killed a golden dragon
  2213 | D        | Reached skill level 27 in Shields
  2213 | D        | Reached skill level 15 in Evocations
  2213 | D        | Reached XP level 16. HP: 97/165 MP: 12/32
  2213 | D        | Killed a quicksilver dragon
  2217 | D        | Killed a shadow dragon
  2224 | D        | Killed a shadow dragon
  2235 | D        | Found a transporter.
  2272 | D        | Got the ring "Hup Mam" {rPois rCorr Str+3}
  2281 | D        | Got the Reference Book on the Snowflakes and Arcane Weapons
  2441 | D        | Entered arena 24.
  2446 | D        | Noticed an ancient lich
  2446 | D        | Noticed a shadow dragon
  2446 | D        | Noticed an ancient lich
  2446 | D        | Noticed a shadow dragon
  2446 | D        | Noticed a shadow dragon
  2447 | D        | Noticed a lich
  2447 | D        | Noticed a lich
  2447 | D        | Noticed a lich
  2447 | D        | Identified the +5 dire flail "Killer Klown's Peril"
                  | {vorpal, Will+}
  2447 | D        | Identified the +6 scale mail of the Spider Nest {rF+ rC+
                  | Str+8}
  2448 | D        | Identified the +7 spear of Cheibriados's Envy {pain, Will+}
  2448 | D        | Noticed a shadow dragon
  2448 | D        | Noticed an ancient lich
  2449 | D        | Killed an ancient lich
  2449 | D        | Killed a lich
  2449 | D        | Killed an ancient lich
  2449 | D        | Killed a lich
  2450 | D        | Reached skill level 10 in Dodging
  2450 | D        | Reached XP level 17. HP: 145/178 MP: 20/33
  2450 | D        | Killed a lich
  2450 | D        | Killed an ancient lich
  2452 | D        | Found the +8 Vampire's Tooth {vamp}
  2455 | D        | Found a transporter.
  2479 | D        | Got the ring "Jeoqe" {rF+ rN+ Int-3 Dex+2}
  2479 | D        | Got the ring "Febipier" {Drain rN+++ AC+4 Str+8 Dex-4}
  2505 | D        | Got the ring of the Prince of Darkness {rF+ rCorr}
  2563 | D        | Entered arena 25.
  2569 | D        | Identified the +5 arbalest of Circularity {venom, rCorr
                  | Stlth+}
  2569 | D        | Identified the ring "Issuisk" {rElec rC- rN+++ rCorr
                  | Slay+4}
  2571 | D        | Identified the ring of Uskayaw's Envy {Ice Str+3}
  2577 | D        | Found a transporter.
  2593 | D        | Got Qivog's Disquisition on Igneous Changing
  2714 | D        | Got the Handbook of Twisted Earth
  2717 | D        | Got the Grimoire of Displacement and Evil Rituals
  2763 | D        | Entered arena 26.
  2772 | D        | Noticed a shard shrike
  2772 | D        | Noticed a shard shrike
  2774 | D        | Found the ring of the Octopus King {rC+ AC+1 EV+1 Str+1
                  | Int+1 Dex+1}
  2774 | D        | Killed a shard shrike
  2774 | D        | Killed a shard shrike
  2782 | D        | Found a transporter.
  2802 | D        | Got a ring of the Octopus King {rC+ AC+1 EV+1 Str+1 Int+1
                  | Dex+1}
  2807 | D        | Got the amulet of How Apru {RegenMP rC+}
  2978 | D        | Entered arena 27.
  2985 | D        | Noticed Neecuc the pandemonium lord
  2985 | D        | Noticed Rausiso the pandemonium lord
  2985 | D        | Noticed Umubuax the pandemonium lord
  2985 | D        | Noticed Qyzil the pandemonium lord
  2986 | D        | Noticed Ohenkago the pandemonium lord
  2986 | D        | Noticed Caosaoch the pandemonium lord
  2986 | D        | Noticed Neriral the pandemonium lord
  2986 | D        | Noticed Ezuud the pandemonium lord
  2986 | D        | Noticed Asakiagg the pandemonium lord
  2986 | D        | Noticed Bonn the pandemonium lord
  2986 | D        | Noticed Nakeph the pandemonium lord
  2986 | D        | Noticed Xepheo the pandemonium lord
  2986 | D        | Noticed Ehinnuurito the pandemonium lord
  2986 | D        | Noticed Aheyla the pandemonium lord
  2986 | D        | Noticed Qisaapho the pandemonium lord
  2987 | D        | Noticed Qaomefemm the pandemonium lord
  2987 | D        | Noticed Hima the pandemonium lord
  2987 | D        | Identified the ring "Fauwax" {Will+ MP-9 Int+9}
  2987 | D        | Noticed Vufuppom the pandemonium lord
  2987 | D        | Noticed Fizaiklu the pandemonium lord
  2987 | D        | Noticed Qudeneri the pandemonium lord
  2987 | D        | Noticed Vikhuen the pandemonium lord
  2987 | D        | Noticed Taiduosk the pandemonium lord
  2988 | D        | Noticed Tiyduuwn the pandemonium lord
  2988 | D        | Noticed Luubow the pandemonium lord
  2989 | D        | Reached XP level 18. HP: 131/195 MP: 17/34
  2989 | D        | Noticed Xuutouvi the pandemonium lord
  2989 | D        | Killed Caosaoch the pandemonium lord
  2989 | D        | Killed Ehinnuurito the pandemonium lord
  2989 | D        | Killed Aheyla the pandemonium lord
  2989 | D        | Killed Vufuppom the pandemonium lord
  2989 | D        | Killed Umubuax the pandemonium lord
  2989 | D        | Killed Qyzil the pandemonium lord
  2989 | D        | Killed Nakeph the pandemonium lord
  2989 | D        | Killed Xuutouvi the pandemonium lord
  2989 | D        | Killed Hima the pandemonium lord
  2989 | D        | Killed Qaomefemm the pandemonium lord
  2989 | D        | Killed Neecuc the pandemonium lord
  2989 | D        | Killed Huranec the pandemonium lord
  2989 | D        | Noticed Lymmi the pandemonium lord
  2989 | D        | Noticed Lisoh the pandemonium lord
  2989 | D        | Noticed Heroamao the pandemonium lord
  2989 | D        | Noticed Loank the pandemonium lord
  2989 | D        | Noticed Plog the pandemonium lord
  2990 | D        | Reached skill level 27 in Fighting
  2990 | D        | Reached skill level 27 in Polearms
  2990 | D        | Reached skill level 27 in Armour
  2990 | D        | Reached skill level 27 in Evocations
  2990 | D        | Killed Vikhuen the pandemonium lord
  2990 | D        | Killed Tiyduuwn the pandemonium lord
  2990 | D        | Killed Xepheo the pandemonium lord
  2990 | D        | Killed Fizaiklu the pandemonium lord
  2990 | D        | Killed Bonn the pandemonium lord
  2990 | D        | Killed Luubow the pandemonium lord
  2990 | D        | Killed Heroamao the pandemonium lord
  2990 | D        | Killed Ohenkago the pandemonium lord
  2990 | D        | Killed Ezuud the pandemonium lord
  2990 | D        | Killed Lymmi the pandemonium lord
  2991 | D        | Reached skill level 27 in Dodging
  2991 | D        | Reached XP level 19. HP: 133/207 MP: 2/35
  2991 | D        | Noticed Haggof the pandemonium lord
  2992 | D        | Killed Plog the pandemonium lord
  2992 | D        | Killed Haggof the pandemonium lord
  2992 | D        | Killed Loank the pandemonium lord
  2992 | D        | Killed Neriral the pandemonium lord
  2993 | D        | Reached skill level 5 in Axes
  2993 | D        | Reached skill level 5 in Maces & Flails
  2993 | D        | Reached skill level 5 in Staves
  2993 | D        | Reached skill level 5 in Necromancy
  2993 | D        | Killed Qudeneri the pandemonium lord
  2993 | D        | Killed Lisoh the pandemonium lord
  2993 | D        | Killed Utwaa the pandemonium lord
  2994 | D        | Reached skill level 5 in Bows
  2994 | D        | Reached skill level 5 in Crossbows
  2994 | D        | Killed Asakiagg the pandemonium lord
  2995 | D        | Reached skill level 5 in Transmutations
  2995 | D        | Reached skill level 5 in Earth Magic
  2995 | D        | Reached XP level 20. HP: 141/216 MP: 14/36
  2995 | D        | Noticed Xeejezod the pandemonium lord
  2997 | D        | Noticed Daff the pandemonium lord
  2997 | D        | Noticed Dioterib the pandemonium lord
  2999 | D        | Noticed Nicitom the pandemonium lord
  3000 | D        | Killed Rausiso the pandemonium lord
  3001 | D        | Killed Taiduosk the pandemonium lord
  3001 | D        | Killed Daff the pandemonium lord
  3001 | D        | Killed Qisaapho the pandemonium lord
  3003 | D        | Noticed Guronief the pandemonium lord
  3004 | D        | Killed Dioterib the pandemonium lord
  3013 | D        | Killed Xeejezod the pandemonium lord
  3013 | D        | Killed Nicitom the pandemonium lord
  3014 | D        | Reached skill level 15 in Throwing
  3024 | D        | Killed Guronief the pandemonium lord
  3025 | D        | Reached skill level 15 in Axes
  3098 | D        | Found a transporter.
  3105 | D        | Got the Handbook of the Frostbite and Translocation
  3109 | D        | Got the amulet "Ymoscham" {Acrobat rElec}
  3121 | D        | Got the Grimoire of the Entrancing Blaze
  3182 | D        | Entered arena 28.
  3333 | D        | Identified the +9 short sword of Bankruptcy {freeze, rF++
                  | rC- MP+9 Str+3}
  3338 | D        | Identified the +2 robe of Resilience {Rampage Str+6}
  3338 | D        | Identified the ring of Joith {rC+ rN+}
  3343 | D        | Identified the +9 spear "Ivu Puurowe" {freeze, Str+4}
  3344 | D        | Identified the +7 short sword of Karma {vorpal, rCorr
                  | Dex+3}
  3344 | D        | Identified the +3 chain mail "Tiennaaf" {rC++ rN+}
  3346 | D        | Identified the +6 battleaxe of Skirmishing {vorpal, rF-
                  | Int+5}
  3349 | D        | Reached XP level 21. HP: 216/224 MP: 8/37
  3351 | D        | Identified the +6 quarterstaff of Debt {freeze, Fly}
  3383 | D        | Found a transporter.
  3388 | D        | Got the ring of Temptation {Contam rPois Str+3 Int+6 Dex+8}
  3391 | D        | Found the ring of the Octopus King {AC+1 EV+1 Str+1 Int+1
                  | Dex+1 SInv}
  3405 | D        | Got a ring of the Octopus King {AC+1 EV+1 Str+1 Int+1 Dex+1
                  | SInv}
  3428 | D        | Got the Handbook of Lightness
  3545 | D        | Reached XP level 22. HP: 233/233 MP: 38/38
  3549 | D        | Got the Orb of Zot
  3554 | D        | Escaped with the Orb!

Illustrated notes

Levels and vault maps discovered:
D:        sprint_v [room_start, room_1, room_2, room_3, room_4, room_5, room_6,
          room_7, room_8, room_9, room_10, room_11, room_12, room_13, room_14,
          room_15, room_16, room_17, room_18, room_19, room_20, room_21,
          room_22, room_23, room_24, room_25, room_26, room_27]

Skill      XL: |  1  2  3  4  5  6  7  8  9 10 11 12 13 14 15 16 17 18 19 20 21 |
---------------+----------------------------------------------------------------+-----
Fighting       | 5 8 9 10 11 12 14 16 17 18 19 20 22 25 27 | 27.0
Polearms       | 3 5 6 7 8 10 12 13 15 16 17 18 19 21 24 27 | 27.0
Armour         | 5 7 9 10 11 12 13 14 15 16 18 21 24 27 | 27.0
Shields        | 6 8 10 11 13 15 17 19 21 22 24 27 | 27.0
Invocations    | 3 4 5 7 9 11 12 15 19 24 27 | 27.0
Evocations     | 1 3 5 7 8 9 15 20 24 27 | 27.0
Stealth        | 2 3 4 5 6 |  6.3
Dodging        | 1 2 3 5 7 10 13 27 | 27.0
Short Blades   | 9 |  9.5
Long Blades    | 9 25 26 | 26.1
Axes           | 6 22 23 | 23.0
Maces & Flails | 6 |  6.5
Staves         | 6 |  6.4
Slings         | 8 |  8.5
Bows           | 5 |  5.9
Crossbows      | 5 |  5.9
Throwing       | 7 20 21 | 21.5
Unarmed Combat | 8 |  8.5
Spellcasting   | 3 |  3.6
Conjurations   | 4 |  4.5
Hexes          | 4 |  4.1
Summonings     | 4 |  4.5
Necromancy     | 6 |  6.6
Translocations | 4 |  4.5
Transmutations | 5 |  5.0
Fire Magic     | 4 |  4.5
Ice Magic      | 4 |  4.5
Air Magic      | 4 |  4.5
Earth Magic    | 5 |  5.0
Poison Magic   | 4 |  4.5

Action                   |  1- 3 |  4- 6 |  7- 9 | 10-12 | 13-15 | 16-18 | 19-21 | 22-24 || total
-------------------------+-------+-------+-------+-------+-------+-------+-------+-------++-------
Melee: Lance             |     7 |    11 |    74 |    76 |   104 |    27 |    31 |       ||   330
       Headbutt          |       |     2 |    12 |    23 |    32 |     4 |     5 |       ||    78
Invok: Disaster Area     |       |       |       |     5 |    12 |     8 |     9 |       ||    34
       Elemental Force   |       |       |       |       |     1 |       |       |       ||     1
 Abil: Evoke Berserk Rag |       |       |       |       |     1 |       |     1 |       ||     2
Evoke: Lightning rod     |       |       |     2 |       |       |     1 |       |       ||     3
       Condenser vane    |       |       |     2 |     7 |     7 |     4 |     3 |       ||    23
       Wand              |       |       |     2 |     1 |       |       |     1 |       ||     4
       Tin of tremorston |       |       |       |     5 |       |       |       |       ||     5
  Use: Potion            |       |       |     1 |     3 |     2 |       |     6 |       ||    12
       Scroll            |       |       |       |       |     1 |       |       |       ||     1
 Stab: Confused          |       |       |     1 |       |     2 |       |       |       ||     3
Armor: Plate armour      |     4 |     5 |    23 |    20 |    49 |     9 |    17 |       ||   127
Dodge: Dodged            |       |     1 |     3 |       |    14 |     4 |     7 |       ||    29
       Repelled          |       |       |       |       |     1 |     1 |     3 |       ||     5
Block: Kite shield       |     9 |     7 |   100 |    48 |   181 |    43 |    55 |       ||   443
       Reflection        |       |       |       |     6 |    15 |    14 |     5 |       ||    40

Table legend: (Time is in decaauts)
 A = Elapsed time spent in this place.
 B = Non-inter-level travel time spent in this place.
 C = Inter-level travel time spent in this place.
 D = Time resting spent in this place.
 E = Time spent auto-exploring this place.
 F = Levels seen in this place.
 G = Mean time per level.
                   A        B        C        D        E       F      G
               +--------+--------+--------+--------+--------+-----+--------+
         Total |   3401 |   3401 |      0 |   1095 |    294 |   1 | 3401.0 |
       Dungeon |   3401 |   3401 |      0 |   1095 |    294 |   1 | 3401.0 |
               +--------+--------+--------+--------+--------+-----+--------+

Top non-repeatable levels by time:
       D: 3401 daAuts
